[Event "ICC Open 2015"]
[Site "Internet Chess Club"]
[Date "2015.05.29"]
[Round "3"]
[White "eddington"]
[Black "PajoPatak"]
[Result "1-0"]
[ICCResult "Black resigns"]
[WhiteElo "2103"]
[BlackElo "1543"]
[Opening "Sicilian: Najdorf, Opocensky variation"]
[ECO "B92"]
[NIC "SI.10"]
[Time "19:35:33"]
[TimeControl "180+0"]

1. e4 c5 2. Nf3 d6 3. d4 cxd4 4. Nxd4 Nf6 5. Nc3 a6 6. Be2 e5 7. Nb3 Be6 8.
O-O Be7 9. Be3 Nbd7 10. f4 exf4 11. Rxf4 Ne5 12. Nd4 O-O 13. Nf5 Ng6 14. Rf1
Re8 15. Qd2 Rc8 16. Bd4 Rxc3 17. Qxc3 Nxe4 18. Qd3 Nf6 19. Nxe7+ Qxe7 20.
Bxf6 gxf6 21. Rae1 Qc7 22. Rxf6 Qb6+ 23. Kh1 Qxb2 24. Ref1 Qxa2 25. Bh5 Qb2
26. Bxg6 hxg6 27. h3 Bf5 28. Qxd6 Qxc2 29. Qd5 Rf8 30. R1xf5 gxf5 31. Rxf5
Qc1+ 32. Kh2 Qc7+ 33. Kg1 Qc1+ 34. Rf1 Qe3+ 35. Kh1 b5 36. Rf3 Qc1+ 37. Kh2
Re8 38. Qxf7+ Kh8 39. Qxe8+ Kh7 40. Rf7+ Kh6 41. Qh8+ Kg5 42. Qg8+ Kh5 43.
Rh7+ {Black resigns} 1-0

[Event "ICC Open 2015"]
[Site "Internet Chess Club"]
[Date "2015.05.29"]
[Round "3"]
[White "Cristhian-ator"]
[Black "VerdeNotte"]
[Result "0-1"]
[ICCResult "White forfeits on time"]
[WhiteElo "2456"]
[BlackElo "2933"]
[Opening "King's Indian: Averbakh system"]
[ECO "E73"]
[NIC "KI.26"]
[Time "19:34:49"]
[TimeControl "180+0"]

1. c4 Nf6 2. Nc3 g6 3. d4 Bg7 4. e4 d6 5. Be2 O-O 6. Bg5 Na6 7. Qd2 c6 8.
Nf3 Bg4 9. O-O Bxf3 10. Bxf3 e5 11. Rad1 Qe7 12. Rfe1 Rfd8 13. a3 Nc7 14. b4
Ne6 15. Be3 exd4 16. Bxd4 Nxd4 17. Qxd4 Ng4 18. Qd2 Nxh2 19. Kxh2 Qe5+ 20.
Kg1 Qxc3 21. Qxc3 Bxc3 22. Re3 Be5 23. Red3 Kf8 24. g3 Ke7 25. Bg4 h5 26.
Bh3 g5 27. Bf5 a5 28. b5 Rab8 29. Kg2 Rh8 30. Rf1 h4 31. f4 gxf4 32. gxf4
Bb2 33. Rf2 Bg7 34. c5 Rhd8 35. Rfd2 dxc5 36. Rd7+ Ke8 37. bxc6 bxc6 38. e5
c4 39. R7d6 Rxd6 40. Rxd6 Rb6 41. Kh3 c3 42. Kxh4 Bf8 43. Rd3 Bxa3 44. Rxc3
Bb4 45. Rc2 a4 46. Kg5 a3 47. Be4 c5 48. f5 Ra6 49. Bd5 Ra7 50. f6 Kd8 51.
Kf5 Rd7 52. Ke4 Kc7 53. Rh2 Kb6 54. Rf2 c4 55. Bxf7 Rxf7 56. e6 Ra7 57. Kd4
a2 58. e7 a1=Q+ 59. Kxc4 Qc3+ 60. Kd5 Rd7+ 61. Ke6 Rd6+ 62. Kf7 Qc4+ 63. Kf8
Rc6 64. Rf5 Rc8+ 65. Kg7 Rg8+ 66. Kh6 Qh4+ 67. Rh5 Qxf6+
{White forfeits on time}
0-1

[Event "ICC Open 2015"]
[Site "Internet Chess Club"]
[Date "2015.05.29"]
[Round "3"]
[White "GGuseinov"]
[Black "isodung"]
[Result "0-1"]
[ICCResult "White resigns"]
[WhiteElo "3031"]
[BlackElo "2654"]
[Opening "Caro-Kann: Tartakower (Nimzovich) variation"]
[ECO "B15"]
[NIC "CK.06"]
[Time "19:34:52"]
[TimeControl "180+0"]

1. e4 c6 2. d4 d5 3. Nd2 dxe4 4. Nxe4 Nf6 5. Nxf6+ exf6 6. c3 Bd6 7. Bd3 O-O
8. Ne2 Re8 9. O-O Bg4 10. Qc2 g6 11. Ng3 Qc7 12. f4 Nd7 13. f5 Bxg3 14. hxg3
g5 15. Qf2 Re7 16. Bd2 Rae8 17. Rae1 b5 18. Rxe7 Rxe7 19. Re1 Nb6 20. b3 h5
21. c4 bxc4 22. bxc4 Nc8 23. Bb4 Rxe1+ 24. Qxe1 Nd6 25. d5 cxd5 26. cxd5 Kg7
27. Bxd6 Qxd6 28. Be4 Qe5 29. Qb1 Qxg3 30. Qd3 Qxd3 31. Bxd3 Kf8 32. Kf2 Ke7
33. Ke3 Kd6 34. Kd4 h4 35. Be4 Bd1 36. a3 Ba4 37. Bf3 Bc2 38. Bg4 Bb3 39.
Bf3 Ba2 40. Be4 g4 41. Ke3 Ke5 42. d6 Kxd6 43. Kf4 h3 44. gxh3 gxh3 45. Kg3
Ke5 46. Bd3 Bd5 47. Kxh3 Be4 48. Bc4 Bxf5+ 49. Kg3 Be6 50. Bb5 f5 51. Kf2 f4
52. Be8 Kd4 53. Kf3 Kc3 54. Kxf4 Kb3 55. a4 Kb4 56. Ke5 Bb3 57. Kf6 a5 58.
Ke5 Kc5 59. Kf6 Kb4 60. Ke5 Bxa4 61. Bxf7 Bb5 62. Kd4 a4 63. Ke3 Kc3 64. Kf2
Bc4 65. Bxc4 Kxc4 66. Ke2 a3 67. Kd1 a2 68. Kc1 a1=Q+ {White resigns} 0-1

[Event "ICC Open 2015"]
[Site "Internet Chess Club"]
[Date "2015.05.29"]
[Round "3"]
[White "LastKeks"]
[Black "dondoctor"]
[Result "1-0"]
[ICCResult "Black resigns"]
[WhiteElo "3165"]
[BlackElo "2008"]
[Opening "French: Paulsen variation"]
[ECO "C10"]
[NIC "FR.04"]
[Time "19:35:59"]
[TimeControl "180+0"]

1. e4 e6 2. d4 d5 3. Nc3 Nc6 4. Nf3 Nf6 5. e5 Ne4 6. Bd3 Bb4 7. Bd2 Nxd2 8.
Qxd2 Be7 9. O-O b6 10. Ne2 Bb7 11. Ng3 h5 12. c3 Na5 13. h3 h4 14. Ne2 c5
15. b3 Qd7 16. Rac1 Rc8 17. Nf4 c4 18. Bc2 Ba3 19. Rb1 Be7 20. b4 Nc6 21. a4
a6 22. Ne2 b5 23. Ra1 Ra8 24. Nh2 Kd8 25. f4 g6 26. Ng4 Kc7 27. Kh2 Na7 28.
Ng1 Bc6 29. Nf3 bxa4 30. Nf6 Bxf6 31. exf6 Kb7 32. Ne5 Qc7 33. Bxa4 Bxa4 34.
Rxa4 Nb5 35. Rfa1 Nd6 36. Ra5 Ne4 37. Qb2 Nxf6 38. b5 Kc8 39. Rxa6 Rb8 40.
Rc6 {Black resigns} 1-0

[Event "ICC Open 2015"]
[Site "Internet Chess Club"]
[Date "2015.05.29"]
[Round "3"]
[White "lemanofzorn"]
[Black "dietcoke"]
[Result "0-1"]
[ICCResult "White forfeits on time"]
[WhiteElo "1464"]
[BlackElo "2160"]
[Opening "QGD: Albin counter-gambit"]
[ECO "D08"]
[NIC "QG.02"]
[Time "19:35:07"]
[TimeControl "180+0"]

1. d4 d5 2. c4 e5 3. dxe5 d4 4. Nf3 Nc6 5. Bg5 Qd7 6. Nbd2 h6 7. Bh4 Nge7 8.
Nb3 Nf5 9. e4 dxe3 10. Qxd7+ Bxd7 11. fxe3 Nxh4 12. Nxh4 Bb4+ 13. Nd2 Nxe5
14. O-O-O Bg4 15. Ndf3 Nxf3 16. gxf3 Be6 17. a3 Be7 18. Ng2 O-O 19. Nf4 Bf5
20. e4 Bh7 21. Nd5 Bd8 22. Bh3 c6 23. Nc3 Bg5+ 24. Kb1 Rfd8 25. Rxd8+ Rxd8
26. Rd1 Rxd1+ 27. Nxd1 Bf4 28. Bc8 b6 29. h3 Kf8 30. Nf2 Ke7 31. Nd3 Bc7 32.
Bb7 c5 33. f4 g5 34. f5 h5 35. Kc2 g4 36. hxg4 hxg4 37. Kd2 g3 38. Ke2 f6
39. Kf3 Bg8 40. b3 Bf7 41. Kg2 Bh5 42. Ne1 a5 43. Nf3 Bf4 44. Nh4 Bc7 45.
Ng6+ Kf7 46. Nh4 Bd1 47. Bd5+ Kg7 48. Nf3 Bxb3 49. e5 fxe5 50. Nh4 Kf6 51.
Be4 Bxc4 52. Kxg3 b5 53. Nf3 b4 54. axb4 cxb4 55. Nd2 Bf7
{White forfeits on time}
0-1

[Event "ICC Open 2015"]
[Site "Internet Chess Club"]
[Date "2015.05.29"]
[Round "3"]
[White "smyslovVchess"]
[Black "Permanent"]
[Result "0-1"]
[ICCResult "White forfeits on time"]
[WhiteElo "1634"]
[BlackElo "2103"]
[Opening "Sicilian: Scheveningen (Paulsen), classical variation"]
[ECO "B84"]
[NIC "SI.23"]
[Time "19:35:14"]
[TimeControl "180+0"]

1. e4 c5 2. Nf3 d6 3. d4 cxd4 4. Nxd4 Nf6 5. Nc3 a6 6. Be2 e6 7. Be3 Be7 8.
O-O Qc7 9. Bf3 Nc6 10. Qd2 Ne5 11. h3 O-O 12. g3 Nxf3+ 13. Nxf3 b5 14. a3
Bb7 15. Qd3 Rfd8 16. Rad1 d5 17. e5 Nd7 18. Bd4 Rac8 19. Rd2 Nc5 20. Qe3 Nd7
21. Re1 Bf8 22. Nh4 Be7 23. Ng2 Bc5 24. Ne2 Nb6 25. b3 Nd7 26. f4 Bxa3 27.
g4 Bc5 28. c3 Bxd4 29. cxd4 a5 30. f5 exf5 31. gxf5 Nf8 32. Ngf4 Re8 33. Qg3
Qb6 34. Nh5 Qh6 35. Nhf4 Rc6 36. Kh2 Rec8 {White forfeits on time} 0-1

[Event "ICC Open 2015"]
[Site "Internet Chess Club"]
[Date "2015.05.29"]
[Round "3"]
[White "Gan-Od"]
[Black "LittlePeasant"]
[Result "0-1"]
[ICCResult "White checkmated"]
[WhiteElo "2203"]
[BlackElo "2803"]
[Opening "English: Caro-Kann defensive system"]
[ECO "D13"]
[NIC "EO.64"]
[Time "19:34:42"]
[TimeControl "180+0"]

1. c4 c6 2. Nc3 d5 3. cxd5 cxd5 4. d4 Nf6 5. Nf3 Nc6 6. Bf4 a6 7. e3 Bg4 8.
Rc1 e6 9. Qb3 Bxf3 10. gxf3 Ra7 11. Bd3 Bd6 12. Bxd6 Qxd6 13. Na4 O-O 14. f4
Nd7 15. Nc5 Nxc5 16. Rxc5 g6 17. O-O Ne7 18. Rfc1 b6 19. R5c3 Kg7 20. a3 h6
21. Qb4 Qd8 22. a4 g5 23. fxg5 hxg5 24. Kh1 Rh8 25. Rg1 f6 26. Qb3 Kf7 27.
Qc2 Qd6 28. Rg2 Rh4 29. Qe2 Ra8 30. f3 a5 31. Rc2 Rah8 32. Kg1 Qb4 33. Bb5
Nf5 34. Qf2 Rh3 35. Bd3 Ne7 36. Bb5 Qd6 37. Qe1 Nf5 38. Bd3 Nh4 39. Rg3
Nxf3+ 40. Rxf3 Rxf3 41. Bf1 Qb4 42. Qe2 Rf5 43. Rc7+ Kf8 44. Qc2 Qd6 45.
Rc8+ Kg7 46. Rc6 Qxh2+ 47. Qxh2 Rxh2 48. Kxh2 Rxf1 49. Rxb6 Rf2+ 50. Kg3 Re2
51. Rxe6 Rxb2 52. Rd6 Rb4 53. Kg4 Rxa4 54. Kf5 Ra1 55. Rd7+ Kh6 56. Rxd5
Rf1+ 57. Ke4 Kg6 58. Rf5 Rxf5 59. d5 Rxd5 60. Kxd5 a4 61. Kc4 g4 62. Kb4 g3
63. Kxa4 g2 64. Kb5 g1=Q 65. Kc4 Qxe3 66. Kb5 f5 67. Ka6 f4 68. Kb5 f3 69.
Ka6 Qb3 70. Ka5 Qb2 71. Ka6 f2 72. Ka5 f1=Q 73. Ka4 Qfa1# {White checkmated}
0-1

[Event "ICC Open 2015"]
[Site "Internet Chess Club"]
[Date "2015.05.29"]
[Round "3"]
[White "Estocolmov"]
[Black "Shadeath"]
[Result "0-1"]
[ICCResult "White checkmated"]
[WhiteElo "2224"]
[BlackElo "2923"]
[Opening "Levitsky attack (Queen's bishop attack)"]
[ECO "D00"]
[NIC "QP.08"]
[Time "19:35:18"]
[TimeControl "180+0"]

1. d4 d5 2. Bg5 Nd7 3. e3 Ngf6 4. Bd3 e6 5. f4 Be7 6. Nf3 c5 7. c3 b6 8.
Nbd2 Bb7 9. O-O Ne4 10. Bxe7 Qxe7 11. Ne5 O-O 12. Bxe4 dxe4 13. Qh5 cxd4 14.
exd4 f6 15. Nxd7 Qxd7 16. Rae1 f5 17. Nc4 Ba6 18. Ne5 Qe8 19. Qxe8 Rfxe8 20.
Rf2 Rac8 21. g4 g6 22. g5 Kg7 23. h4 Rh8 24. Rh2 h5 25. gxh6+ Rxh6 26. Kf2
Rch8 27. Rg1 Kf6 28. Rhg2 Rg8 29. Rg5 Bb5 30. h5 Be8 31. hxg6 Rh2+ 32. R1g2
Rxg2+ 33. Kxg2 Bxg6 34. Kf2 Bf7 35. Rxg8 Bxg8 36. Ke3 Bf7 37. c4 Be8 38. b4
Ke7 39. c5 Kd8 40. Kd2 Kc7 41. Kc3 Bb5 42. a3 Ba4 43. Nf7 Kc6 44. Nd6 Kd5
45. Nc8 bxc5 46. bxc5 e3 47. Nxa7 Ke4 48. c6 Kf3 49. c7 Bd7 50. Nc6 e2 51.
Ne5+ Kf2 52. Nd3+ Kf1 53. Kd2 Bc8 54. a4 Ba6 55. a5 Bxd3 56. c8=Q e1=Q+ 57.
Kxd3 Qd1+ 58. Ke3 Qe2# {White checkmated} 0-1

[Event "ICC Open 2015"]
[Site "Internet Chess Club"]
[Date "2015.05.29"]
[Round "3"]
[White "ErnestoRondon"]
[Black "larso"]
[Result "0-1"]
[ICCResult "White forfeits on time"]
[WhiteElo "1853"]
[BlackElo "2435"]
[Opening "Sicilian"]
[ECO "B50"]
[NIC "SI.01"]
[Time "19:34:45"]
[TimeControl "180+0"]

1. e4 c5 2. Nf3 d6 3. c3 Nf6 4. h3 g6 5. Bd3 Bg7 6. Bc2 O-O 7. O-O b6 8. d4
Bb7 9. Re1 Nc6 10. d5 Ne5 11. Nxe5 dxe5 12. c4 Ne8 13. Nc3 Nd6 14. Bd3 a6
15. a4 f5 16. exf5 gxf5 17. Rb1 e4 18. Bf1 Qe8 19. Bd2 Qg6 20. Ne2 Be5 21.
Bf4 Nf7 22. b3 Qd6 23. Bxe5 Nxe5 24. Qd2 Qg6 25. Nf4 Qg5 26. Kh1 Kh8 27.
Rbd1 Rg8 28. Ne6 Qf6 29. Qf4 Ng6 30. Qh6 Bc8 31. Ng5 Rg7 32. f3 exf3 33.
Nxf3 Bd7 34. Re2 Rag8 35. Rde1 b5 36. axb5 axb5 37. Ne5 Nxe5 38. Qxf6 exf6
39. Ra2 bxc4 40. bxc4 f4 41. Ra6 f3 42. g4 Bxg4 43. hxg4 Nxg4 44. Ra2 f2 45.
Re4 Rg5 46. Rf4 Rh5+ 47. Kg2 Ne3+ 48. Kxf2 Rh2+ 49. Kxe3 Rxa2 50. Rxf6 Rh2
51. Bd3 Rh3+ 52. Kd2 Re8 53. d6 Rh2+ 54. Kc3 Rh4 55. d7 Rd8 56. Rd6 Rd4 57.
Rxd4 cxd4+ 58. Kxd4 Rxd7+ 59. Kc3 h5 60. c5 h4 61. c6 Rc7 62. Be4 Kg7 63.
Kd4 Kf6 64. Kc5 Ke7 65. Kb6 Kd6 66. Bh1 Rg7 67. c7 Rxc7 68. Bf3 Rc5 69. Bh1
Rf5 70. Be4 Rf2 71. Bh1 h3 72. Be4 h2 73. Ba8 Rf1 74. Bh1 Rxh1 75. Kb5 Rg1
76. Kc4 h1=Q 77. Kd3 Rd1+ 78. Ke2 Qe1+ 79. Kf3 Rd3+ {White forfeits on time}
0-1

[Event "ICC Open 2015"]
[Site "Internet Chess Club"]
[Date "2015.05.29"]
[Round "3"]
[White "EREBUNI"]
[Black "saya"]
[Result "1-0"]
[ICCResult "Black checkmated"]
[WhiteElo "3021"]
[BlackElo "2565"]
[Opening "French: Winawer, advance variation"]
[ECO "C16"]
[NIC "FR.09"]
[Time "19:35:42"]
[TimeControl "180+0"]

1. e4 e6 2. d4 d5 3. Nc3 Bb4 4. e5 Ne7 5. Bd2 b6 6. Nce2 Bxd2+ 7. Qxd2 Ba6
8. f4 Qd7 9. Nf3 Nbc6 10. g4 h5 11. gxh5 O-O-O 12. Ng3 Bxf1 13. Rxf1 Kb8 14.
O-O-O Nf5 15. Nxf5 exf5 16. Rg1 Rdg8 17. Rg5 Ne7 18. Rdg1 g6 19. hxg6 Nxg6
20. h4 Rf8 21. h5 Ne7 22. Qd3 Kb7 23. c3 Qe6 24. Nh4 f6 25. exf6 Rxf6 26.
Ng6 Rh7 27. Ne5 Rfh6 28. Qf3 Nc8 29. Rg6 Qe8 30. Qxd5+ Ka6 31. Rg8 Ne7 32.
Qc4+ Qb5 33. Qxb5+ Kxb5 34. c4+ Ka6 35. R8g5 Rxh5 36. Rxh5 Rxh5 37. Rg7 Nc8
38. Rxc7 Nd6 39. b3 Ne4 40. Nc6 b5 41. c5 b4 42. Nxb4+ Kb5 43. Rb7+ Ka5 44.
a4 Rh6 45. Rb5# {Black checkmated} 1-0

[Event "ICC Open 2015"]
[Site "Internet Chess Club"]
[Date "2015.05.29"]
[Round "3"]
[White "paraguayo"]
[Black "EpicEffects"]
[Result "0-1"]
[ICCResult "White forfeits on time"]
[WhiteElo "1755"]
[BlackElo "2301"]
[Opening "Sicilian: Sozin attack"]
[ECO "B86"]
[NIC "SI.19"]
[Time "19:34:54"]
[TimeControl "180+0"]

1. e4 c5 2. Nf3 e6 3. d4 cxd4 4. Nxd4 Nf6 5. Nc3 d6 6. Bc4 a6 7. f3 b5 8.
Bb3 Be7 9. Be3 O-O 10. Qd2 Bb7 11. O-O-O Nbd7 12. g4 Nb6 13. g5 Nfd7 14. h4
Ne5 15. h5 Nbc4 16. Bxc4 Nxc4 17. Qf2 Nxe3 18. Qxe3 Bxg5 19. f4 Bh6 20. Kb1
Qb6 21. Rhg1 e5 22. Nf5 Qxe3 23. Nxe3 Bxf4 24. Nf5 g6 25. hxg6 hxg6 26. Ne7+
Kg7 27. Ncd5 Bxd5 28. Nxd5 Rad8 29. a3 Rh8 30. Ne7 Rh2 31. Nf5+ Kf6 32. Nxd6
Rd2 33. Rxd2 Bxd2 34. Nb7 Rd4 35. Rf1+ Bf4 36. Nc5 g5 37. Nxa6 g4 38. Nb4 g3
39. Rg1 Rd2 40. Nd5+ Kg5 41. b3 f5 42. a4 fxe4 43. a5 Rxd5 44. a6 b4 45. Kb2
Ra5 {White forfeits on time} 0-1

[Event "ICC Open 2015"]
[Site "Internet Chess Club"]
[Date "2015.05.29"]
[Round "3"]
[White "blackjack721"]
[Black "Smays"]
[Result "1-0"]
[ICCResult "Black forfeits on time"]
[WhiteElo "1408"]
[BlackElo "1617"]
[Opening "Scandinavian (center counter) defense"]
[ECO "B01"]
[NIC "VO.17"]
[Time "19:35:25"]
[TimeControl "180+0"]

1. e4 d5 2. e5 d4 3. f4 c5 4. Ne2 Nc6 5. d3 e6 6. g3 Nge7 7. Bg2 Nd5 8. c4
dxc3 9. Nbxc3 Be7 10. Qb3 Nxc3 11. Qxc3 O-O 12. O-O a6 13. Be3 Nb4 14. Rfd1
Nd5 15. Qc1 Nxe3 16. Qxe3 Rb8 17. Rac1 b5 18. Rxc5 Bxc5 19. Qxc5 Qb6 20.
Qxb6 Rxb6 21. d4 Bb7 22. Bh3 Bf3 23. Rd2 Rd8 24. Nc3 Rb7 25. f5 Bd5 26. fxe6
Bxe6 27. Bg2 b4 28. d5 bxc3 29. bxc3 Bg4 30. c4 Rb1+ 31. Kf2 Rc1 32. Rd4 Kf8
33. Rxg4 Rc8 34. Bf1 Rc2+ 35. Kf3 Rxh2 36. Bd3 Rxa2 37. Bf5 Rb8 38. e6 g6
39. Be4 fxe6 40. dxe6 Rb3+ 41. Kf4 Ke7 42. Bd5 Rf2+ 43. Kg5 a5 44. Kh6 Rh2+
45. Kg7 Rb7 46. Bxb7 Kxe6 47. Bd5+ Kd6 48. Rf4 a4 49. Rf6+ Kc5 50. g4 Kd4
51. g5 {Black forfeits on time} 1-0

[Event "ICC Open 2015"]
[Site "Internet Chess Club"]
[Date "2015.05.29"]
[Round "3"]
[White "Mormegil"]
[Black "BehindBluEyes"]
[Result "0-1"]
[ICCResult "White resigns"]
[WhiteElo "1738"]
[BlackElo "2244"]
[Opening "French: Tarrasch, closed variation"]
[ECO "C05"]
[NIC "FR.17"]
[Time "19:36:00"]
[TimeControl "180+0"]

1. e4 e6 2. d4 d5 3. Nd2 Nf6 4. e5 Nfd7 5. Bd3 c5 6. c3 Nc6 7. Ngf3 cxd4 8.
cxd4 f6 9. exf6 Nxf6 10. O-O Bd6 11. Re1 O-O 12. Nb3 Bd7 13. Bg5 Qe8 14. Ne5
a5 15. a4 Bb4 16. Re3 Qe7 17. Qe2 Rae8 18. Rh3 g6 19. Bxg6 hxg6 20. Nxg6 Qg7
21. Nxf8 Rxf8 22. Bxf6 Rxf6 23. Qh5 Bd6 24. Nc5 Bc8 25. Re1 Nxd4 26. Rh4
Bxc5 27. Qe8+ Rf8 28. Qh5 Nf3+ {White resigns} 0-1

[Event "ICC Open 2015"]
[Site "Internet Chess Club"]
[Date "2015.05.29"]
[Round "3"]
[White "Cramagica"]
[Black "ultramagic1"]
[Result "0-1"]
[ICCResult "White forfeits on time"]
[WhiteElo "1218"]
[BlackElo "1825"]
[Opening "King's Indian: fianchetto with ...Nd7"]
[ECO "E67"]
[NIC "EO.64"]
[Time "19:35:21"]
[TimeControl "180+0"]

1. c4 Nf6 2. Nc3 g6 3. g3 Bg7 4. Bg2 O-O 5. Nf3 d6 6. d4 Nbd7 7. e4 Rb8 8.
O-O c5 9. Nd5 Nxe4 10. dxc5 Ndxc5 11. Re1 Re8 12. Rb1 Nf6 13. Bg5 Nxd5 14.
cxd5 Bf5 15. Rc1 Rc8 16. b3 Rb8 17. Nd4 Bxd4 18. Qxd4 Nd3 19. Bh6 f6 20. Be4
Nxe1 21. Rxe1 Qd7 22. Bxf5 Qxf5 {White forfeits on time} 0-1

[Event "ICC Open 2015"]
[Site "Internet Chess Club"]
[Date "2015.05.29"]
[Round "3"]
[White "nihil95"]
[Black "xionoula"]
[Result "0-1"]
[ICCResult "White forfeits on time"]
[WhiteElo "1717"]
[BlackElo "2186"]
[Opening "French: advance variation"]
[ECO "C02"]
[NIC "FR.03"]
[Time "19:35:07"]
[TimeControl "180+0"]

1. e4 e6 2. d4 d5 3. e5 c5 4. c3 Qb6 5. Nf3 Nc6 6. Be2 cxd4 7. O-O dxc3 8.
Nxc3 a6 9. Re1 Nge7 10. g4 Ng6 11. Na4 Qc7 12. Kg2 Ngxe5 13. Nxe5 Nxe5 14.
f4 Nc6 15. Bf3 Bd6 16. Bxd5 O-O 17. Be4 Bxf4 18. Qf3 Bd6 19. Be3 f5 20. gxf5
exf5 21. Bd5+ Kh8 22. Nc3 f4 23. Bf2 Ne7 24. Rac1 Nxd5 25. Nxd5 Qf7 26. Bc5
Bxc5 27. Rxc5 Be6 28. Nc7 Qe7 29. Nxe6 Rf6 30. Rc7 Qd6 31. Rxb7 Rc8 32. Rb3
Rxe6 33. Rxe6 Qxe6 34. Qxf4 Rc2+ 35. Kg3 Qg6+ 36. Qg4 Rg2+ 37. Kxg2 Qxg4+
38. Kf2 Qf5+ 39. Rf3 Qc5+ 40. Kg2 h6 41. Kg3 Kh7 42. Rf7 Qc4 43. Rf4 Qc6 44.
Kg4 Qc1 45. Kf3 Qg1 46. Ke4 Qc1 47. Ke5 Qd1 48. Ke6 Qe2+ 49. Kf7 Qxh2 50.
Rf5 Qf4 51. Rf6 Qf5 {White forfeits on time} 0-1

[Event "ICC Open 2015"]
[Site "Internet Chess Club"]
[Date "2015.05.29"]
[Round "3"]
[White "OuttaShape"]
[Black "Uwak"]
[Result "0-1"]
[ICCResult "White forfeits on time"]
[WhiteElo "2124"]
[BlackElo "2504"]
[Opening "Van't Kruijs opening"]
[ECO "A00"]
[Time "19:35:33"]
[TimeControl "180+0"]

1. e3 e5 2. b3 d5 3. Bb2 Nd7 4. c4 Ngf6 5. cxd5 Nxd5 6. Nc3 N5f6 7. d4 exd4
8. exd4 Bb4 9. Bd3 O-O 10. Ne2 Re8 11. O-O a6 12. Rc1 Nb6 13. Ng3 Be6 14.
Re1 Nbd5 15. Nxd5 Nxd5 16. Re4 Nf6 17. Rh4 Bd5 18. Qc2 h6 19. Qxc7 Qxc7 20.
Rxc7 Re1+ 21. Nf1 Rae8 22. Rc1 Rxc1 23. Bxc1 Re1 24. Be3 Ra1 25. h3 Rxa2 26.
Bc4 Rc2 27. Bxd5 Nxd5 28. Ng3 Rb2 29. Ne4 Rxb3 30. Bd2 a5 31. Bxb4 Rxb4 32.
Nc5 a4 33. Re4 a3 {White forfeits on time} 0-1

[Event "ICC Open 2015"]
[Site "Internet Chess Club"]
[Date "2015.05.29"]
[Round "3"]
[White "receipt"]
[Black "MadMad"]
[Result "0-1"]
[ICCResult "White forfeits on time"]
[WhiteElo "1049"]
[BlackElo "1288"]
[Opening "King's Indian, 3.Nf3"]
[ECO "E61"]
[NIC "QP.06"]
[Time "19:34:44"]
[TimeControl "180+0"]

1. Nf3 Nf6 2. d4 g6 3. c4 Bg7 4. Nc3 O-O 5. Bf4 d6 6. h3 c5 7. d5 Nbd7 8. e4
a6 9. e5 dxe5 10. Nxe5 Nxe5 11. Bxe5 Nd7 12. Bh2 Ne5 13. Qb3 Bf5 14. f4 Nd7
15. O-O-O b6 16. g4 Bxg4 17. hxg4 Nf6 18. Bh3 a5 19. a4 Nd7 20. f5 Bd4 21.
fxg6 fxg6 22. Nb5 Qe8 23. Nxd4 cxd4 24. Rxd4 Qf7 25. Rf4 Qxf4+ 26. Bxf4 Rxf4
27. Re1 Nc5 28. Qxb6 Nd3+ 29. Kd2 Nxe1 30. Kxe1 Rxc4 31. Qe6+ Kg7 32. Qxe7+
Kh6 33. g5+ Kh5 34. Qxh7+ Kxg5 35. Qe7+ Kh6 36. d6 Rc1+ 37. Kd2 Rac8 38. d7
R8c2+ 39. Kd3 Rxb2 40. d8=Q Rd1+ 41. Kc3 Rxd8 42. Qxd8 Rb4 43. Qxa5 Rh4 44.
Bd7 Rh1 45. Qb4 Rc1+ 46. Kd2 Rh1 47. Qf4+ Kh7 48. Qf7+ Kh6 49. Be8 Rh2+ 50.
Ke3 Rg2 51. a5 Rg3+ 52. Kf4 Rg1 53. Ke5 Re1+ 54. Kd6 Rd1+ 55. Kc7 Rc1+ 56.
Bc6 Ra1 57. Qf4+ Kh7 58. Qh4+ Kg8 59. Qc4+ Kh7 60. a6 Rh1 61. Bb7 Rh4 62.
Qc6 Rb4 63. Qe8 Rc4+ 64. Kb6 Rd4 65. a7 Rb4+ 66. Kc5 Kh6
{White forfeits on time}
0-1

[Event "ICC Open 2015"]
[Site "Internet Chess Club"]
[Date "2015.05.29"]
[Round "3"]
[White "franco"]
[Black "ganesh"]
[Result "0-1"]
[ICCResult "White forfeits on time"]
[WhiteElo "1310"]
[BlackElo "1587"]
[Opening "Queen's gambit declined"]
[ECO "D30"]
[NIC "EO.64"]
[Time "19:35:12"]
[TimeControl "180+0"]

1. c4 e6 2. d4 d5 3. e3 Nf6 4. Nc3 Nbd7 5. Nf3 Be7 6. cxd5 exd5 7. Be2 c5 8.
O-O O-O 9. Bd2 b6 10. Rc1 Bb7 11. Bb5 Rc8 12. Ne5 Nxe5 13. dxe5 Nd7 14. f4
a6 15. Bd3 c4 16. Bc2 Nc5 17. Qe2 b5 18. a3 Qd7 19. Rf2 Rfd8 20. Rcf1 Ne4
21. Bxe4 dxe4 22. Bc1 Qd3 23. h3 Bc6 24. g4 a5 25. f5 Bh4 26. Rg2 b4 27.
axb4 axb4 28. Nb1 Qxb1 29. Qxc4 Qd3 30. Qxd3 exd3 31. Bd2 Bxg2 32. Kxg2 Rc2
33. Rd1 Ra8 34. Kf3 Rxb2 35. e6 f6 36. e4 Raa2 37. Be3 Re2 38. e7 Kf7 39. e5
Kxe7 40. exf6+ Kxf6 41. g5+ Kxf5 42. g6 Rf2+ 43. Bxf2 Rxf2+
{White forfeits on time}
0-1

[Event "ICC Open 2015"]
[Site "Internet Chess Club"]
[Date "2015.05.29"]
[Round "3"]
[White "gmgattass"]
[Black "LooneyBinJim"]
[Result "1-0"]
[ICCResult "Black forfeits on time"]
[WhiteElo "2236"]
[BlackElo "1704"]
[Opening "Caro-Kann: Tartakower (fantasy) variation"]
[ECO "B12"]
[NIC "CK.02"]
[Time "19:35:05"]
[TimeControl "180+0"]

1. e4 c6 2. d4 d5 3. f3 dxe4 4. fxe4 e5 5. Nf3 Bg4 6. dxe5 Qxd1+ 7. Kxd1 Nd7
8. Be2 Bxf3 9. gxf3 Nxe5 10. Bf4 O-O-O+ 11. Kc1 Ng6 12. Be3 Nf6 13. Nd2 Bd6
14. Bc4 Rhf8 15. c3 Bf4 16. Re1 Bxe3 17. Rxe3 Nf4 18. Kc2 Kc7 19. Rg1 g6 20.
a4 Rd7 21. Ba2 Rfd8 22. Nb1 h6 23. b4 Nh3 24. Rge1 Nf4 25. Rg1 Nh3 26. Rf1
Nf4 27. Bc4 a6 28. a5 Ng2 29. Re2 Nf4 30. Rd2 Rxd2+ 31. Nxd2 Ng2 32. Bxf7
Ne3+ 33. Kb3 Nxf1 34. Nxf1 g5 35. Kc2 Rd7 36. Be6 Rd6 37. Bf5 Nd7 38. Bg4
Ne5 39. Bh5 b6 40. axb6+ Kxb6 41. Ng3 Rf6 42. Nf5 c5 43. Kb3 cxb4 44. cxb4
Nd3 45. Kc4 Nf4 46. Be8 Re6 47. Bd7 Rf6 48. e5 Rf8 49. Nd4 Rd8 50. Bf5 Rb8
51. e6 Nxe6 52. Bxe6 a5 53. bxa5+ Kxa5 54. Kd3 Rd8 55. h3 Kb6 56. Ke4 Rf8
57. Nf5 Kc7 58. Ke5 h5 59. Bd5 g4 60. fxg4 {Black forfeits on time} 1-0

[Event "ICC Open 2015"]
[Site "Internet Chess Club"]
[Date "2015.05.29"]
[Round "3"]
[White "f5"]
[Black "Steingrim89"]
[Result "1-0"]
[ICCResult "Black resigns"]
[WhiteElo "2153"]
[BlackElo "1620"]
[Opening "French: Rubinstein variation"]
[ECO "C10"]
[NIC "FR.07"]
[Time "19:35:23"]
[TimeControl "180+0"]

1. e4 e6 2. Nc3 d5 3. d4 dxe4 4. Nxe4 Nd7 5. Nf3 Ngf6 6. Bg5 Be7 7. Bxf6
Nxf6 8. Bd3 b6 9. Nxf6+ Bxf6 10. Be4 Rb8 11. Qe2 O-O 12. O-O-O Qe7 13. Kb1
Rd8 14. c3 Bb7 15. Bxb7 Rxb7 16. Qe4 Rbb8 17. Rhe1 c5 18. d5 Qb7 19. c4 exd5
20. cxd5 Qd7 21. g4 Re8 22. Qf4 Rbd8 23. g5 Rxe1 24. Rxe1 Bd4 25. Nxd4 cxd4
26. Qxd4 Qf5+ 27. Qe4 Qd7 28. f4 Kf8 29. Qb4+ Qd6 30. Qxd6+ Rxd6 31. Rd1 f6
32. Kc2 fxg5 33. fxg5 Kf7 34. Kc3 Kg6 35. h4 Kh5 36. Rd4 Kg6 37. Kc4 Kf5 38.
Rd2 Ke5 39. Re2+ Kf5 40. Kd4 Kg4 41. Re4+ Kg3 42. Re6 Rd7 43. Re4 Rf7 44.
Ke5 Rf1 45. d6 Rd1 46. Rd4 Kf3 47. Rxd1 {Black resigns} 1-0